[Event "December 5 Early 2023"]
[Site "https://www.chess.com"]
[Date "2023.12.05"]
[Round "1"]
[White "Can, Melih Kaan"]
[Black "Albornoz Cabrera, Carlos Daniel"]
[Result "0-1"]
[Board "92"]
[TimeControl "180+1"]
[WhiteFideId "6317383"]
[BlackFideId "3518736"]
[WhiteElo "2438"]
[BlackElo "2756"]
[WhiteTeam "TUR"]
[BlackTeam "CUB"]
[WhiteClock "0:00:04"]
[BlackClock "0:02:04"]

1. e4 c5 2. Nc3 Nc6 3. g3 g6 4. Bg2 Bg7 5. d3 e5 6. f4 d6 7. Nge2 Nge7 8. O-O O-O 9. Be3 Nd4 10. Nd5 Nxd5 11. exd5 Nxe2+ 12. Qxe2 exf4 13. Bxf4 Bxb2 14. Rab1 Bd4+ 15. Kh1 b6 16. Qd2 Bb7 17. Bg5 Qd7 18. h4 Qg4 19. Bf4 Rae8 20. Bxd6 Re2 21. Qf4 Bxd5 22. Bxd5 Qh3# 0-1

[Event "December 5 Early 2023"]
[Site "https://www.chess.com"]
[Date "2023.12.05"]
[Round "1"]
[White "Samunenkov, Ihor"]
[Black "Swicarz, Maciej"]
[Result "1-0"]
[Board "93"]
[TimeControl "180+1"]
[WhiteFideId "14187086"]
[BlackFideId "1113585"]
[WhiteElo "2756"]
[BlackElo "2437"]
[WhiteTeam "UKR"]
[BlackTeam "POL"]
[WhiteClock "0:00:33"]
[BlackClock "0:00:13"]

1. d4 Nf6 2. c4 e6 3. Nf3 b6 4. g3 Bb7 5. Bg2 Bb4+ 6. Bd2 Bxd2+ 7. Qxd2 O-O 8. O-O d6 9. Rd1 Nbd7 10. Qc2 Qe7 11. Nc3 e5 12. e4 Rfe8 13. Re1 a5 14. b3 Rac8 15. Rad1 h6 16. Nh4 g6 17. Nf3 Kg7 18. Bh3 Rcd8 19. Nd5 Nxd5 20. cxd5 Rc8 21. dxe5 dxe5 22. Qc3 f6 23. Rd2 Qd6 24. Red1 Rcd8 25. Nh4 Nc5 26. Bf5 g5 27. Ng2 Bc8 28. Ne3 Kf7 29. Bxc8 Rxc8 30. Nf5 Qf8 31. d6 Red8 32. Qc4+ Ke8 33. d7+ Rxd7 34. Rxd7 1-0

[Event "December 5 Early 2023"]
[Site "https://www.chess.com"]
[Date "2023.12.05"]
[Round "1"]
[White "Mestnikov, Aisen"]
[Black "Wagh Suyog"]
[Result "0-1"]
[Board "94"]
[TimeControl "180+1"]
[WhiteFideId "34130117"]
[BlackFideId "25071688"]
[WhiteElo "2431"]
[BlackElo "2756"]
[WhiteTeam "RUS"]
[BlackTeam "IND"]
[WhiteClock "0:00:01"]
[BlackClock "0:00:14"]

1. d4 Nf6 2. c4 e6 3. Nf3 d5 4. g3 Bb4+ 5. Bd2 Be7 6. Bg2 O-O 7. Qc2 c6 8. O-O b6 9. Nc3 Ba6 10. b3 dxc4 11. Rfd1 Nbd7 12. Bf4 Nd5 13. Ne5 Nxe5 14. dxe5 Qc7 15. bxc4 Bxc4 16. Nxd5 cxd5 17. e4 d4 18. Rxd4 b5 19. Rad1 Rfd8 20. Rd6 g5 21. Rxd8+ Rxd8 22. Rxd8+ Bxd8 23. Be3 Qxe5 24. Qd1 Qc7 25. Bxa7 Bxa2 26. Bd4 Qd7 27. Qd2 Bc4 28. Qc3 Ba5 29. Qa1 Bb3 30. Be3 Qd1+ 31. Qxd1 Bxd1 32. Bxg5 Bc3 33. Bc1 b4 34. Bf1 b3 35. Bd3 Kg7 36. Bb1 Kf6 37. f4 Ke7 38. Kf2 Kd6 39. h3 Kc5 40. g4 Kc4 41. Ke3 b2 42. Bd2 Kb3 43. Bxc3 Kxc3 44. e5 Bc2 45. Ba2 b1=Q 46. Bxb1 Bxb1 47. f5 exf5 48. Kf4 fxg4 49. hxg4 Kd4 50. g5 Bg6 51. Kg4 Kxe5 52. Kh4 Kf5 53. Kg3 Kxg5 54. Kh3 f5 0-1

[Event "December 5 Early 2023"]
[Site "https://www.chess.com"]
[Date "2023.12.05"]
[Round "1"]
[White "Sokolovsky, Yahli"]
[Black "Kovalyov, Eduard"]
[Result "1-0"]
[Board "95"]
[TimeControl "180+1"]
[WhiteFideId "2820242"]
[BlackFideId "14118033"]
[WhiteElo "2753"]
[BlackElo "2430"]
[WhiteTeam "ISR"]
[BlackTeam "UKR"]
[WhiteClock "0:00:11"]
[BlackClock "0:00:00"]

1. b3 e5 2. Bb2 Nc6 3. e3 Nf6 4. Nf3 e4 5. Nd4 d5 6. c4 Be7 7. cxd5 Nxd5 8. Nxc6 bxc6 9. Bxg7 Bf6 10. Bxh8 Bxh8 11. Na3 Bxa1 12. Qxa1 Qf6 13. Qxf6 Nxf6 14. d4 a5 15. Bc4 a4 16. b4 Be6 17. Bxe6 fxe6 18. Nc4 a3 19. Kd2 Nd5 20. Rb1 Ra4 21. Kc2 Ke7 22. Nd2 Nf6 23. Kb3 Ra6 24. Rc1 Kd6 25. Rc5 Ke7 26. h3 Kd7 27. Nc4 Ke7 28. Nxa3 Nd5 29. Nc4 Kd7 30. a4 Ke7 31. Ne5 Kd6 32. a5 Ra7 33. Rxc6+ Ke7 34. Rc5 Rb7 35. b5 Kd6 36. a6 Ra7 37. Rc6+ Ke7 38. Nc4 Ra8 39. Rc5 Rb8 40. Ne5 Kd6 41. Nc6 Ra8 42. a7 Nb6 43. Rh5 Nc8 44. Rxh7 Nxa7 45. Nxa7 Rxa7 46. Rh4 Ra1 47. Rxe4 Rb1+ 48. Kc4 Rc1+ 49. Kd3 Rb1 50. g4 Rxb5 51. h4 Rb3+ 52. Ke2 Rb2+ 53. Kf3 Rb1 54. g5 Rh1 55. Rg4 Ke7 56. g6 Kf8 57. g7+ Kg8 58. Ke4 Rh2 59. f3 Ra2 60. Ke5 Ra6 61. e4 Rb6 62. f4 Ra6 63. h5 Ra5+ 64. Kxe6 1-0

[Event "December 5 Early 2023"]
[Site "https://www.chess.com"]
[Date "2023.12.05"]
[Round "1"]
[White "Matrix3x3a"]
[Black "Munoz, Francisco Javier"]
[Result "0-1"]
[Board "96"]
[TimeControl "180+1"]
[BlackFideId "128368"]
[WhiteElo "2430"]
[BlackElo "2750"]
[BlackTeam "ARG"]
[WhiteClock "0:00:07"]
[BlackClock "0:00:41"]

1. d4 d5 2. c4 e6 3. Nf3 Nf6 4. g3 Nbd7 5. Bg2 Ne4 6. O-O f5 7. Qc2 c6 8. Nc3 Bd6 9. Bf4 Bxf4 10. gxf4 Ndf6 11. e3 O-O 12. Ne5 Bd7 13. Nxe4 Nxe4 14. f3 Nf6 15. b4 Qe8 16. a4 a6 17. Kh1 Kh8 18. Rg1 Rg8 19. Bf1 Qe7 20. Qb2 Be8 21. Bd3 Nd7 22. Nxd7 Qxd7 23. Rg3 Bh5 24. Rag1 b5 25. cxb5 axb5 26. a5 h6 27. Qd2 Qe7 28. Rh3 g6 29. Be2 Qf7 30. Qc3 Rac8 31. Rhg3 Rg7 32. Qc5 Qb7 33. Bd3 Rcg8 34. Be2 Kh7 35. Rh3 Rc8 36. Qd6 Qf7 37. Rc1 Qe8 38. Rc5 Rd7 39. Qe5 Rg7 40. Rg3 Qd7 41. Kg2 Rcg8 42. Kf2 Qe7 43. Kg2 Qd7 44. Bd3 Qe7 45. Bc2 g5 46. fxg5 Rxg5 47. Kf2 R5g7 48. Bd3 Qh4 49. Kg2 Qe7 50. Qf4 Rg6 51. Kf2 R8g7 52. Bc2 Qe8 53. Bd3 Qg8 54. Bc2 Qd8 55. Bd3 Qe8 56. Bc2 Qe7 57. Bd3 Rg5 58. Bc2 Qf6 59. Bd3 Qg6 60. Bc2 Qf6 61. Rxc6 Qe7 62. Rc5 Bg6 63. Bd3 Bh5 64. Bc2 Bg6 65. Bd3 Bh5 66. Bxb5 Qb7 67. Qe5 Qf7 68. Qf4 Qg6 69. Bd3 Qf7 70. b5 Qe7 71. b6 Qd7 72. Rc7 Qa4 73. Rxg7+ Rxg7 74. Rxg7+ Kxg7 75. Qc7+ Bf7 76. Be2 Qxa5 77. b7 Qxc7 78. f4 Qxb7 0-1

[Event "December 5 Early 2023"]
[Site "https://www.chess.com"]
[Date "2023.12.05"]
[Round "1"]
[White "Atakhan, Abtin"]
[Black "Bychkov, Vladimir"]
[Result "1-0"]
[Board "97"]
[TimeControl "180+1"]
[WhiteFideId "22502203"]
[BlackFideId "24151513"]
[WhiteElo "2745"]
[BlackElo "2430"]
[WhiteTeam "IRI"]
[BlackTeam "RUS"]
[WhiteClock "0:00:42"]
[BlackClock "0:00:15"]

1. c4 e5 2. Nc3 Bb4 3. Nd5 Be7 4. d4 c6 5. Nxe7 Qxe7 6. dxe5 Qxe5 7. Nf3 Qe7 8. a3 Nf6 9. Bf4 d5 10. e3 O-O 11. Qc2 Nbd7 12. cxd5 Nxd5 13. Bg3 N7f6 14. Bd3 h6 15. O-O Rd8 16. e4 Nc7 17. e5 Nh5 18. Bh4 g5 19. Bg3 Be6 20. Rad1 Kg7 21. h4 g4 22. Nd2 Nb5 23. Ne4 Nd4 24. Qc1 Nf5 25. Be2 Nxh4 26. Nf6 Nxg3 27. fxg3 Ng6 28. Qe3 Rxd1 29. Bxd1 Rd8 30. Bxg4 Bxg4 31. Nxg4 Qg5 32. Rxf7+ Kh8 33. Qxg5 hxg5 34. Nf6 Nf8 35. e6 1-0

[Event "December 5 Early 2023"]
[Site "https://www.chess.com"]
[Date "2023.12.05"]
[Round "1"]
[White "Kukreja Sankalp"]
[Black "Matinian, Nikita"]
[Result "1-0"]
[Board "98"]
[TimeControl "180+1"]
[WhiteFideId "45027676"]
[BlackFideId "24129100"]
[WhiteElo "2430"]
[BlackElo "2735"]
[WhiteTeam "IND"]
[BlackTeam "FID"]
[WhiteClock "0:00:44"]
[BlackClock "0:00:55"]

1. e4 c5 2. Nf3 e6 3. d4 cxd4 4. Nxd4 Nc6 5. Nxc6 bxc6 6. Bd3 d5 7. O-O Nf6 8. Nc3 Bd6 9. f4 dxe4 10. Nxe4 Nxe4 11. Bxe4 O-O 12. Be3 Qe7 13. Bxc6 Rb8 14. b3 Bc5 15. Qf3 Ba6 16. c4 Rb6 17. Be4 f5 18. Bc2 Bb7 19. Qf2 Bxe3 20. Qxe3 g5 21. fxg5 Rf7 22. Rae1 Rg7 23. Bxf5 Rxg5 24. Be4 h6 25. Bxb7 Qxb7 26. Qf3 Qxf3 27. Rxf3 Ra6 28. Rf2 Ra3 29. Rxe6 Kg7 30. h4 Rg4 31. h5 Rg5 32. Rc2 Raa5 33. Rg6+ Rxg6 34. hxg6 Kxg6 35. c5 Rb5 36. c6 Rb8 37. c7 Rc8 38. Kf2 Kf5 39. Kf3 h5 40. Rc5+ Ke6 41. Ke4 Kd6 42. Rc2 Kd7 43. b4 Re8+ 44. Kf4 Kc8 45. Kg5 Re5+ 46. Kh4 Rb5 47. a3 a5 48. Rc5 Rb6 49. bxa5 Rg6 50. Rc2 Rh6 51. a6 Rxa6 52. Kxh5 Ra5+ 53. Kh4 Ra4+ 54. g4 Rxa3 55. g5 Ra1 56. Kh5 Rh1+ 57. Kg6 Rg1 58. Kh6 Rh1+ 59. Kg7 Rg1 60. g6 Rg3 61. Kf7 Rf3+ 62. Kg8 Rg3 63. g7 Rg1 64. Rf2 Kxc7 65. Kf7 1-0

[Event "December 5 Early 2023"]
[Site "https://www.chess.com"]
[Date "2023.12.05"]
[Round "1"]
[White "Sahakyan, Aleks"]
[Black "Parra Gomez, Adrian"]
[Result "1-0"]
[Board "99"]
[TimeControl "180+1"]
[WhiteFideId "13316338"]
[BlackFideId "3513106"]
[WhiteElo "2731"]
[BlackElo "2429"]
[WhiteTeam "ARM"]
[BlackTeam "CUB"]
[WhiteClock "0:00:30"]
[BlackClock "0:00:12"]

1. Nf3 d5 2. e3 Nf6 3. c4 e6 4. Nc3 c5 5. d4 a6 6. a3 Nc6 7. dxc5 Bxc5 8. b4 Ba7 9. Bb2 d4 10. exd4 Nxd4 11. Nxd4 Qxd4 12. Qxd4 Bxd4 13. Rd1 Be5 14. Bd3 Bd7 15. O-O O-O-O 16. Rfe1 Bxc3 17. Bxc3 Ba4 18. Rd2 Rd7 19. Ree2 Rhd8 20. Bb1 Bb3 21. c5 Bc4 22. Rxd7 Rxd7 23. Rd2 Bd5 24. Bxf6 gxf6 25. Bxh7 f5 26. Bg8 Kd8 27. h4 Ke7 28. Rd3 Rd8 29. Rg3 Kf6 30. h5 e5 31. h6 f4 32. h7 fxg3 33. h8=Q+ Ke6 34. Bxf7+ Ke7 35. Qxd8+ Kxd8 36. Bxd5 gxf2+ 37. Kxf2 1-0

[Event "December 5 Early 2023"]
[Site "https://www.chess.com"]
[Date "2023.12.05"]
[Round "1"]
[White "Rosh Jain"]
[Black "Schmakel, Sam"]
[Result "1-0"]
[Board "100"]
[TimeControl "180+1"]
[WhiteFideId "25789465"]
[BlackFideId "2039311"]
[WhiteElo "2427"]
[BlackElo "2731"]
[WhiteTeam "IND"]
[BlackTeam "USA"]
[WhiteClock "0:01:03"]
[BlackClock "0:00:01"]

1. e4 c5 2. Nf3 e6 3. d4 cxd4 4. Nxd4 Nf6 5. Bd3 Nc6 6. Be3 d5 7. exd5 Nxd5 8. Nxc6 bxc6 9. Bd2 Qb6 10. b3 Qd4 11. c4 Nb4 12. Be2 Qxa1 13. Bf3 Qxa2 14. O-O Qa6 15. Nc3 Be7 16. Be4 O-O 17. Bb1 e5 18. Qh5 f5 19. Ne2 g6 20. Qh6 Be6 21. Bc3 Qa5 22. Nf4 Bf7 23. Nh5 gxh5 24. Bxf5 Bg6 25. Bxg6 Rf7 26. Bxf7+ Kxf7 27. Qxh7+ Ke6 28. Qxh5 Rg8 29. Rd1 Qa2 30. Qxe5+ Kf7 31. Qf5+ Ke8 32. Qd7+ Kf7 33. Bxb4 1-0

[Event "December 5 Early 2023"]
[Site "https://www.chess.com"]
[Date "2023.12.05"]
[Round "1"]
[White "Komov, Roman"]
[Black "Kozelov, Roman"]
[Result "0-1"]
[Board "101"]
[TimeControl "180+1"]
[WhiteFideId "24175714"]
[BlackFideId "14133377"]
[WhiteElo "2729"]
[BlackElo "2426"]
[WhiteTeam "RUS"]
[BlackTeam "UKR"]
[WhiteClock "0:00:20"]
[BlackClock "0:00:26"]

1. e4 e6 2. d4 d5 3. e5 b6 4. Nf3 Qd7 5. Nbd2 Ne7 6. h4 Nf5 7. Nb3 a5 8. a4 Ba6 9. g4 Ne7 10. h5 h6 11. Be3 Bxf1 12. Kxf1 Nec6 13. c3 Na6 14. Nc1 Nd8 15. Nd3 Nb7 16. Qb3 Be7 17. Re1 Bd8 18. Nf4 c5 19. Rg1 c4 20. Qc2 Be7 21. g5 O-O-O 22. g6 fxg6 23. Qxg6 Nc7 24. Qxg7 Rhf8 25. Qxh6 Rf7 26. Ng5 Bxg5 27. Rxg5 Rdf8 28. Rg6 Nd8 29. Ke2 Qxa4 30. Rf6 Qc2+ 31. Kf1 Kb7 32. Qxf8 Rxf8 33. Rxf8 Nc6 34. h6 Ne7 35. Nh5 Nf5 36. Nf6 Nh4 37. Ng4 Qd3+ 38. Kg1 Qe4 39. Rf4 Qg2# 0-1

[Event "December 5 Early 2023"]
[Site "https://www.chess.com"]
[Date "2023.12.05"]
[Round "1"]
[White "Romero Arzuaga, Yudel"]
[Black "Aradhya, Garg"]
[Result "1/2-1/2"]
[Board "102"]
[TimeControl "180+1"]
[WhiteFideId "3521010"]
[BlackFideId "25006746"]
[WhiteElo "2422"]
[BlackElo "2728"]
[WhiteTeam "CUB"]
[BlackTeam "IND"]
[WhiteClock "0:01:06"]
[BlackClock "0:01:25"]

1. d4 d5 2. c4 e6 3. Nc3 Nf6 4. Bg5 Be7 5. e3 h6 6. Bh4 O-O 7. Nf3 dxc4 8. Bxc4 c5 9. O-O Nc6 10. dxc5 Qxd1 11. Rfxd1 g5 12. Bg3 Bxc5 13. Ne5 Nh5 14. Nxc6 Nxg3 15. hxg3 bxc6 16. Rac1 Be7 17. Ne4 a5 18. Be2 Re8 19. Bf3 Bb7 20. Nc5 Bxc5 21. Rxc5 Ra6 22. Rdc1 Rc8 23. Rd1 Kf8 24. b3 Ke7 25. e4 Rd8 26. Rdc1 a4 27. e5 axb3 28. axb3 Rd3 29. Bxc6 Bxc6 30. Rxc6 Rxc6 31. Rxc6 Rxb3 32. Rc7+ Kf8 33. f3 h5 34. Rc4 Re3 35. Rc5 Kg7 36. Kf2 Ra3 37. f4 Kg6 38. Rc7 h4 39. gxh4 gxf4 40. h5+ Kxh5 41. Rxf7 Kg4 42. Rf6 Ra2+ 43. Kg1 Ra5 44. Rxe6 Kf5 45. Re8 Rxe5 46. Rxe5+ Kxe5 47. Kf2 Ke4 48. Ke2 Kf5 49. Kf3 Kg5 50. g3 fxg3 51. Kxg3 1/2-1/2

[Event "December 5 Early 2023"]
[Site "https://www.chess.com"]
[Date "2023.12.05"]
[Round "1"]
[White "Nasta, Kiren Vivek"]
[Black "Karthik Rajaa"]
[Result "0-1"]
[Board "104"]
[TimeControl "180+1"]
[WhiteFideId "30943612"]
[BlackFideId "25035215"]
[WhiteElo "2417"]
[BlackElo "2726"]
[WhiteTeam "USA"]
[BlackTeam "IND"]
[WhiteClock "0:00:43"]
[BlackClock "0:00:29"]

1. e4 c6 2. d4 d5 3. Nc3 dxe4 4. Bc4 Nf6 5. f3 e3 6. Bxe3 Nbd7 7. Nge2 Nb6 8. Bd3 g6 9. O-O Bg7 10. a4 Nbd5 11. Bf2 Be6 12. Ne4 Nb4 13. Nxf6+ exf6 14. Nf4 Nxd3 15. Nxe6 Nxf2 16. Nxg7+ Kf8 17. Ne6+ fxe6 18. Rxf2 Kf7 19. Qd3 Qd7 20. Re2 Rhe8 21. Rae1 Rad8 22. c3 c5 23. Qc4 cxd4 24. cxd4 Qxd4+ 25. Qxd4 Rxd4 26. Rc1 Rxa4 27. Rc7+ Re7 28. Rec2 Rd4 29. Kf2 Rd2+ 30. Ke3 Rxc2 31. Rxc2 e5 32. Rc8 Rd7 33. Rh8 Ke6 34. Re8+ Re7 35. Ra8 a6 36. Rc8 f5 37. g3 Rd7 38. h4 Kd5 39. Kd3 a5 40. Ra8 Kc5+ 41. Ke2 Kb4 42. Re8 e4 43. fxe4 fxe4 44. Rxe4+ Kb3 45. Re5 a4 46. Rb5+ Kc4 47. Rb6 Kc5 48. Re6 b5 49. h5 gxh5 50. Re5+ Kc4 51. Rxh5 b4 52. Rh4+ Kb3 53. Re4 Rb7 54. Kd2 Kxb2 55. g4 b3 56. Rxa4 Rd7+ 57. Ke2 Kc3 58. Ra8 b2 59. Rc8+ Kb3 60. Rb8+ Kc2 61. Rc8+ Kb1 62. Rb8 Rd4 63. g5 Kc2 64. Rc8+ Kb3 65. Rb8+ Rb4 66. Rxb4+ Kxb4 67. g6 hxg6 0-1

[Event "December 5 Early 2023"]
[Site "https://www.chess.com"]
[Date "2023.12.05"]
[Round "1"]
[White "Timmermans, Mark"]
[Black "Latorre, Vincent"]
[Result "0-1"]
[Board "105"]
[TimeControl "180+1"]
[WhiteFideId "1026399"]
[BlackFideId "2636891"]
[WhiteElo "2725"]
[BlackElo "2414"]
[WhiteTeam "NED"]
[BlackTeam "CAN"]
[WhiteClock "0:00:30"]
[BlackClock "0:00:48"]

1. b4 Nf6 2. Bb2 g6 3. c4 Bg7 4. e3 O-O 5. a4 a5 6. b5 d6 7. Nf3 e5 8. Be2 Nbd7 9. O-O h5 10. Nc3 e4 11. Nd4 Nc5 12. f3 exf3 13. Bxf3 Nd3 14. Ba3 h4 15. Qe2 Ne5 16. c5 Nxf3+ 17. Qxf3 h3 18. gxh3 Qe7 19. b6 dxc5 20. bxc7 Qxc7 21. Ncb5 Qe5 22. Nb3 Bf5 23. Nxc5 Rfe8 24. d4 Qxe3+ 25. Qxe3 Rxe3 26. Nxb7 Bxh3 27. Rfe1 Rae8 28. Rxe3 Rxe3 29. Nxa5 Nd5 30. Nc6 Re2 31. Bd6 Bh6 32. Ra3 Be3+ 33. Rxe3 Nxe3 34. Ne5 Rg2+ 35. Kh1 Rf2 0-1

[Event "December 5 Early 2023"]
[Site "https://www.chess.com"]
[Date "2023.12.05"]
[Round "1"]
[White "Skaric, Djuro"]
[Black "Gabrielian, Artur"]
[Result "0-1"]
[Board "106"]
[TimeControl "180+1"]
[WhiteFideId "934569"]
[BlackFideId "4131002"]
[WhiteElo "2412"]
[BlackElo "2723"]
[WhiteTeam "SRB"]
[BlackTeam "RUS"]
[WhiteClock "0:01:16"]
[BlackClock "0:01:12"]

1. g3 g6 2. Bg2 Bg7 3. d3 d6 4. Nc3 c5 5. e4 Nc6 6. f4 Nf6 7. Nf3 Rb8 8. O-O b5 9. h3 b4 10. Ne2 O-O 11. g4 a5 12. Ng3 Ba6 13. Rf2 Ne8 14. Rb1 Nc7 15. Be3 Nd4 16. g5 Nxf3+ 17. Qxf3 Ne6 18. f5 Nd4 19. Qg4 a4 20. Kh2 b3 21. axb3 axb3 22. c3 Nc2 23. Bf4 Bxd3 24. Rg1 c4 25. h4 Rb5 26. h5 Be5 27. Bh3 Qb6 28. Rgg2 Ne3 29. Qh4 Nxg2 30. Kxg2 Bxf4 31. Qxf4 gxh5 32. Nxh5 Qc5 33. Qh4 Qe5 34. Ng3 Kh8 35. g6 fxg6 36. fxg6 Rxf2+ 37. Kxf2 Qf6+ 38. Qxf6+ exf6 39. gxh7 Kxh7 40. Ke3 Ra5 41. Nf5 Ra2 42. Nxd6 Rxb2 43. Kd4 Rh2 44. Bf5+ Kh6 45. Nxc4 Bxc4 46. Kxc4 b2 47. e5 Kg5 48. Bd3 fxe5 49. Kd5 Kf4 50. c4 Rd2 0-1

[Event "December 5 Early 2023"]
[Site "https://www.chess.com"]
[Date "2023.12.05"]
[Round "1"]
[White "Pakleza, Zbigniew"]
[Black "Marchesich, Giovanni"]
[Result "1-0"]
[Board "107"]
[TimeControl "180+1"]
[WhiteFideId "1119290"]
[BlackFideId "2824790"]
[WhiteElo "2719"]
[BlackElo "2412"]
[WhiteTeam "POL"]
[BlackTeam "ITA"]
[WhiteClock "0:02:26"]
[BlackClock "0:01:37"]

1. d4 Nf6 2. Nf3 c5 3. c3 b6 4. Bf4 Bb7 5. e3 g6 6. Bc4 Bg7 7. dxc5 bxc5 8. Qb3 Bxf3 9. Bxf7+ Kf8 10. gxf3 e6 11. Bxe6 dxe6 12. Qxe6 Ne8 13. Nd2 Qd7 14. Qc4 Qc6 15. Ne4 Nd7 16. Ng5 Ne5 17. Bxe5 1-0

[Event "December 5 Early 2023"]
[Site "https://www.chess.com"]
[Date "2023.12.05"]
[Round "1"]
[White "Mushini Ajay"]
[Black "Pourramezanali, Amirreza"]
[Result "0-1"]
[Board "108"]
[TimeControl "180+1"]
[WhiteFideId "35066188"]
[BlackFideId "12511412"]
[WhiteElo "2411"]
[BlackElo "2716"]
[WhiteTeam "IND"]
[BlackTeam "IRI"]
[WhiteClock "0:00:04"]
[BlackClock "0:01:09"]

1. e4 c6 2. d4 d5 3. exd5 cxd5 4. c4 Nf6 5. Nc3 e6 6. Nf3 Bb4 7. cxd5 Nxd5 8. Bd2 O-O 9. Bd3 Be7 10. O-O Nc6 11. Re1 Nf6 12. Bg5 b6 13. Qa4 Nb4 14. Bxf6 Nxd3 15. Bxe7 Qxe7 16. Re3 Bd7 17. Qb3 Nf4 18. d5 Qf6 19. d6 Bc6 20. Ne4 Qg6 21. Ng3 Bd5 22. Qb4 Nd3 23. Qd2 Nc5 24. Ne5 Qg5 25. b4 Ne4 26. Qd4 Nxd6 27. f3 Nf5 28. Nxf5 Qxf5 29. f4 Rac8 30. Rae1 Rfd8 31. Rg3 f6 32. Qxd5 Rxd5 0-1

[Event "December 5 Early 2023"]
[Site "https://www.chess.com"]
[Date "2023.12.05"]
[Round "1"]
[White "Mamedov, Edgar"]
[Black "Balla, Tamas-Kristof"]
[Result "1-0"]
[Board "109"]
[TimeControl "180+1"]
[WhiteFideId "13739980"]
[BlackFideId "1208497"]
[WhiteElo "2714"]
[BlackElo "2409"]
[WhiteTeam "KAZ"]
[BlackTeam "ROU"]
[WhiteClock "0:00:12"]
[BlackClock "0:00:05"]

1. d4 d5 2. Nf3 Nf6 3. a3 c5 4. dxc5 Nc6 5. e3 e5 6. b4 Bg4 7. Be2 Be7 8. O-O O-O 9. Bb2 e4 10. Nd4 Bxe2 11. Qxe2 Ne5 12. Nd2 a5 13. N4b3 Qc7 14. Bxe5 Qxe5 15. Nxa5 Bxc5 16. Nab3 Bd6 17. g3 Rfc8 18. c4 h5 19. c5 Be7 20. Nd4 h4 21. N2b3 h3 22. f4 exf3 23. Qxf3 Rf8 24. Qf4 Qh5 25. Nf5 Rae8 26. Nbd4 Bd8 27. Qf3 Qh7 28. Nd6 Re7 29. N4f5 Rd7 30. Rad1 Bc7 31. Nb5 Bb8 32. Nc3 Re8 33. Nxd5 Nxd5 34. Rxd5 Rxd5 35. Qxd5 Qg6 36. e4 Be5 37. Rf3 Qg4 38. Kf2 Qg5 39. Ne3 Bf6 40. Qxg5 Bxg5 41. Rf5 Bf6 42. Nd5 Bb2 43. Kf3 Bxa3 44. Rh5 g6 45. Nf6+ Kf8 46. Rh8+ Ke7 47. Rxe8+ 1-0

[Event "December 5 Early 2023"]
[Site "https://www.chess.com"]
[Date "2023.12.05"]
[Round "1"]
[White "Gerasimenyuk, Mikhail"]
[Black "Kozak, Antoni"]
[Result "0-1"]
[Board "110"]
[TimeControl "180+1"]
[WhiteFideId "14111845"]
[BlackFideId "21832030"]
[WhiteElo "2408"]
[BlackElo "2714"]
[WhiteTeam "UKR"]
[BlackTeam "POL"]
[WhiteClock "0:00:35"]
[BlackClock "0:00:48"]

1. d4 Nf6 2. Nf3 d5 3. Bg5 c6 4. e3 Bf5 5. Nbd2 e6 6. Bd3 Nbd7 7. Bxf5 exf5 8. c3 Be7 9. Qc2 Ne4 10. Bf4 O-O 11. Ne5 Re8 12. f3 Nxd2 13. Qxd2 Nxe5 14. Bxe5 Bd6 15. Bxd6 Qxd6 16. O-O Re6 17. Rae1 Rae8 18. Rf2 Qe7 19. Rfe2 h5 20. Qd3 g6 21. c4 Qb4 22. b3 a5 23. Kf2 h4 24. g3 Kg7 25. Qd2 Qa3 26. cxd5 cxd5 27. Qc3 Rc6 28. Qb2 Qd6 29. Kg2 Kg8 30. e4 dxe4 31. fxe4 fxe4 32. Qd2 Qd5 33. Re3 Rec8 34. Kg1 Rc2 35. Qd1 f5 36. g4 Rc1 37. Qe2 Qxd4 38. gxf5 R8c2 39. Qf1 Qd2 0-1

[Event "December 5 Early 2023"]
[Site "https://www.chess.com"]
[Date "2023.12.05"]
[Round "1"]
[White "Sadykov, Ramil"]
[Black "Cesar Maestre, Bernardo"]
[Result "1/2-1/2"]
[Board "111"]
[TimeControl "180+1"]
[WhiteFideId "24113590"]
[BlackFideId "24542547"]
[WhiteElo "2714"]
[BlackElo "2408"]
[WhiteTeam "FID"]
[BlackTeam "ESP"]
[WhiteClock "0:00:02"]
[BlackClock "0:00:02"]

1. Nf3 d5 2. g3 Nf6 3. Bg2 e6 4. O-O Be7 5. c4 O-O 6. d4 c6 7. Nc3 a5 8. Nd2 b6 9. e4 Ba6 10. b3 Ra7 11. e5 Nfd7 12. Re1 c5 13. cxd5 cxd4 14. Na4 exd5 15. Nf3 Nc6 16. a3 d3 17. Nb2 Nc5 18. Bf1 d4 19. Nxd3 Nxd3 20. Bxd3 Bxd3 21. Qxd3 Qd5 22. Bb2 Rd8 23. Rad1 Rad7 24. h4 h6 25. Re4 Bc5 26. h5 Ne7 27. Rde1 Nf5 28. e6 fxe6 29. Rxe6 Ne3 30. Re4 Qxh5 31. fxe3 Qxf3 32. Qc4+ Kh8 33. exd4 Qxg3+ 34. Kh1 Rd5 35. Re8+ Kh7 36. Qc2+ Qg6 37. Qxg6+ Kxg6 38. Rxd8 Rxd8 39. dxc5 bxc5 40. Re5 Rd1+ 41. Kg2 Rd2+ 42. Kf3 Rxb2 43. Rxc5 Rxb3+ 44. Kf4 Rxa3 45. Rc6+ Kh7 46. Kf5 a4 47. Ra6 Ra1 48. Kg4 a3 49. Kg3 a2 50. Kg2 h5 51. Ra5 Kh6 52. Kh2 g6 53. Kg2 h4 54. Kh2 g5 55. Kg2 Kh5 56. Ra4 h3+ 57. Kh2 g4 58. Ra5+ Kg6 59. Ra3 Rf1 60. Rxa2 Rf3 61. Ra5 Rf5 62. Ra4 Kg5 63. Ra8 Rf4 64. Kg3 Rf3+ 65. Kh2 Rf5 66. Rh8 Kf4 67. Rg8 Kf3 68. Rg6 Rf4 69. Ra6 Re4 70. Rf6+ Ke3 71. Kg3 Rd4 72. Re6+ Kd3 73. Re5 Re4 74. Rf5 Ke3 75. Rg5 Kd4 76. Rg8 Kd3 77. Rd8+ Ke2 78. Rf8 Re3+ 79. Kxg4 h2 80. Rh8 Kf1 81. Rxh2 Re2 82. Kg3 Rxh2 83. Kxh2 1/2-1/2

[Event "December 5 Early 2023"]
[Site "https://www.chess.com"]
[Date "2023.12.05"]
[Round "1"]
[White "Kovacsy, Barnabas"]
[Black "Zou, Chen"]
[Result "0-1"]
[Board "112"]
[TimeControl "180+1"]
[WhiteFideId "769290"]
[BlackFideId "8610959"]
[WhiteElo "2407"]
[BlackElo "2714"]
[WhiteTeam "HUN"]
[BlackTeam "CHN"]
[WhiteClock "0:00:50"]
[BlackClock "0:01:59"]

1. e4 c5 2. Nf3 d6 3. d4 cxd4 4. Nxd4 a6 5. c4 Nf6 6. f3 g6 7. Nc3 Bg7 8. Be3 O-O 9. Qd2 Nc6 10. Be2 Nxd4 11. Bxd4 Be6 12. Rc1 Re8 13. b3 Qa5 14. O-O Rac8 15. Rfd1 Qh5 16. Nd5 Bxd5 17. cxd5 Bh6 18. Be3 Bxe3+ 19. Qxe3 Qe5 20. Rxc8 Rxc8 21. Rc1 Rxc1+ 22. Qxc1 Nxd5 23. exd5 Qxe2 24. h4 Kg7 25. h5 gxh5 26. Qg5+ Kh8 27. Qxh5 Qe1+ 28. Kh2 Qe5+ 29. Qxe5+ dxe5 30. Kg3 Kg7 31. Kg4 Kg6 32. b4 f5+ 33. Kh4 Kf6 34. g4 e4 35. gxf5 e3 36. Kg3 Kxf5 37. a4 Ke5 38. f4+ Ke4 39. f5 Kxf5 40. Kf3 Ke5 41. Kxe3 Kxd5 42. b5 axb5 0-1

[Event "December 5 Early 2023"]
[Site "https://www.chess.com"]
[Date "2023.12.05"]
[Round "1"]
[White "Boyer, Mahel"]
[Black "Samaganova, Aleksandra"]
[Result "1-0"]
[Board "113"]
[TimeControl "180+1"]
[WhiteFideId "45102422"]
[BlackFideId "13800221"]
[WhiteElo "2711"]
[BlackElo "2406"]
[WhiteTeam "FRA"]
[BlackTeam "KGZ"]
[WhiteClock "0:00:51"]
[BlackClock "0:00:34"]

1. e4 c5 2. d3 e6 3. g3 Nc6 4. Bg2 Nf6 5. Nf3 d5 6. Qe2 Be7 7. O-O O-O 8. e5 Nd7 9. c4 Nb6 10. Nc3 a6 11. b3 Nd4 12. Nxd4 cxd4 13. Nb1 Bd7 14. Qg4 dxc4 15. Bh6 g6 16. Bxf8 Bxf8 17. bxc4 Bc6 18. Bxc6 bxc6 19. Nd2 Bg7 20. Qe4 Na4 21. Qxc6 Nc3 22. Nf3 g5 23. h3 h5 24. Nxg5 Bxe5 25. Qb7 Bc7 26. Qf3 Rb8 27. Qxf7+ 1-0

[Event "December 5 Early 2023"]
[Site "https://www.chess.com"]
[Date "2023.12.05"]
[Round "1"]
[White "Todorovic, Bojan"]
[Black "Sadubayev, Airat"]
[Result "1-0"]
[Board "114"]
[TimeControl "180+1"]
[WhiteFideId "917087"]
[BlackFideId "13713264"]
[WhiteElo "2405"]
[BlackElo "2709"]
[WhiteTeam "SRB"]
[BlackTeam "KAZ"]
[WhiteClock "0:00:37"]
[BlackClock "0:00:00"]

1. Nf3 d5 2. c4 c6 3. e3 Nf6 4. b3 Bg4 5. Bb2 e6 6. Be2 Nbd7 7. O-O Bd6 8. d4 O-O 9. Nbd2 b6 10. Ne5 Bxe2 11. Qxe2 Qc7 12. Ndf3 c5 13. cxd5 exd5 14. Rac1 Rfe8 15. Nxd7 Nxd7 16. Rfd1 Qb7 17. Qd3 Rad8 18. g3 Bf8 19. dxc5 Nxc5 20. Qf5 Ne4 21. Nd4 g6 22. Qf3 Bg7 23. Qe2 Rc8 24. Nf3 Nc3 25. Bxc3 Bxc3 26. Qd3 Bg7 27. Rxc8 Rxc8 28. Qxd5 Qa6 29. Ng5 Rf8 30. Rc1 h6 31. Nxf7 Rxf7 32. Rc7 1-0